 Dungeon Crawl Stone Soup version 0.22-a0-354-g30dfbe6 (webtiles) character file.

1320 Amnesiac the Reanimator (level 8, -4/56 HPs)
             Began as a Mummy Necromancer on Apr 16, 2018.
             Was a Believer of Sif Muna.
             Slain by Sigmund
             ... wielding a +0 scythe
              (13 damage)
             ... on level 5 of the Dungeon.
             The game lasted 00:08:15 (4749 turns).

Amnesiac the Reanimator (Mummy Necromancer)         Turns: 4749, Time: 00:08:15

Health: -4/56      AC:  3    Str: 11    XL:     8   Next: 33%
Magic:  0/18       EV: 16    Int: 16    God:    Sif Muna [**....]
Gold:   149        SH:  0    Dex: 13    Spells: 13/21 levels left

rFire    x . .     SeeInvis .   p - +5 scimitar
rCold    + . .     Gourm    .   (no shield)
rNeg     + + +     Faith    .   a - +1 robe
rPois    ∞         Spirit   .   (no helmet)
rElec    .         Reflect  .   (no cloak)
rCorr    +         Harm     .   (no gloves)
MR       +....                  (no boots)
Stlth    ++........             (no amulet)
HPRegen  0.18/turn              g - +3 ring of evasion
MPRegen  0.16/turn              q - ring of resist corrosion

@: no casting
A: no food or potions, fire vulnerability, cold resistance 1, negative energy
resistance 3, torment resistance, unbreathing
a: Stop Divine Energy, Renounce Religion


You were on level 5 of the Dungeon.
You worshipped Sif Muna.
Sif Muna was pleased with you.
You were not hungry.

You visited 1 branch of the dungeon, and saw 7 of its levels.

You collected 149 gold pieces.

Inventory:

Hand Weapons
 e - a +2 dagger of speed
 p - a +5 scimitar (weapon)
Missiles
 f - 153 stones (quivered)
 j - 17 sling bullets
Armour
 a - a +1 robe (worn)
Jewellery
 g - a +3 ring of evasion (left hand)
 q - a ring of resist corrosion (right hand)
Wands
 n - a wand of flame (11)
 o - a wand of disintegration (5)
Scrolls
 b - 2 scrolls of teleportation {!r}
 c - 2 scrolls of identify {!r}
 d - 3 scrolls of remove curse {!r}
 h - 2 scrolls of enchant armour {!r}
 i - a scroll of amnesia {!r}
 k - a scroll of blinking {!r}
 l - 3 scrolls of fog {!r}
 m - a scroll of enchant weapon {!r}


   Skills:
 - Level 1.9 Fighting
 - Level 3.0 Dodging
 - Level 1.5 Stealth
 + Level 7.0 Spellcasting
 * Level 8.7 Necromancy


You had 13 spell levels left.
You knew the following spells:

 Your Spells              Type           Power        Failure   Level  Hunger
a - Pain                  Necr           ####         1%          1    N/A
b - Animate Dead          Necr           N/A          3%          4    N/A
d - Vampiric Draining     Necr           ####......   1%          3    N/A

Dungeon Overview and Level Annotations

Branches:
Dungeon (7/15)
 Temple: D:4-7

Altars:
Sif Muna

Annotations:
D:5 Sigmund


Innate Abilities, Weirdness & Mutations

You do not eat or drink.
Your flesh is vulnerable to fire.
You are immune to poison.
Your flesh is cold resistant. (rC+)
You are immune to negative energy. (rN+++)
You are immune to unholy pain and torment.
You can survive without breathing.


Message History

Aiming: Vampiric Draining (safe; 1% risk of failure)
Press: ? - help, Shift-Dir - straight line, f/p - gnoll
Aim: a gnoll, wielding a flail (heavily wounded)
You kill the gnoll!
Sif Muna accepts your kill.
You feel life coursing into your body. Something hits you.
The worker ant misses you.
You riposte.
You barely miss the worker ant. Something hits you!
* * * LOW HITPOINT WARNING * * *
The gnoll hits you with a halberd!
* * * LOW HITPOINT WARNING * * *
The worker ant barely misses you.
You see here a flail.
Casting: Vampiric Draining (safe; 1% risk of failure)
Confirm with . or Enter, or press ? or * to list all spells.
Okay, then.
Casting: Vampiric Draining (safe; 1% risk of failure)
Confirm with . or Enter, or press ? or * to list all spells.
Aiming: Vampiric Draining (safe; 1% risk of failure)
Press: ? - help, Shift-Dir - straight line You feel life coursing into your body.
The worker ant misses you. The gnoll misses you.
You riposte.
You hit the gnoll but do no damage.
Casting: Vampiric Draining (safe; 1% risk of failure)
Confirm with . or Enter, or press ? or * to list all spells.
Aiming: Vampiric Draining (safe; 1% risk of failure)
Press: ? - help, Shift-Dir - straight line You feel life coursing into your body.
Something barely misses you. The worker ant closely misses you.
The gnoll barely misses you.
Casting: Vampiric Draining (safe; 1% risk of failure)
Confirm with . or Enter, or press ? or * to list all spells.
Aiming: Vampiric Draining (safe; 1% risk of failure)
Press: ? - help, Shift-Dir - straight line You feel life coursing into your body.
The worker ant bites you but does no damage.
You hear some strange, mumbled words.
A puff of flame appears from out of thin air!
The puff of flame hits you! The fire burns you terribly!
* * * LOW HITPOINT WARNING * * *
Casting: Vampiric Draining (safe; 1% risk of failure)
Confirm with . or Enter, or press ? or * to list all spells.
Aiming: Vampiric Draining (safe; 1% risk of failure)
Press: ? - help, Shift-Dir - straight line, f - gnoll
Aim: a gnoll, wielding a halberd The gnoll is severely wounded.
You feel life coursing into your body.
The worker ant bites you but does no damage.
The gnoll barely misses you. Something hits you!
* * * LOW HITPOINT WARNING * * *
Casting: Vampiric Draining (safe; 1% risk of failure)
Confirm with . or Enter, or press ? or * to list all spells.
Aiming: Vampiric Draining (safe; 1% risk of failure)
Press: ? - help, Shift-Dir - straight line, f/p - gnoll
Aim: a gnoll, wielding a halberd (severely wounded)
You kill the gnoll!
Sif Muna accepts your kill.
You feel life coursing into your body. Sif Muna grants you divine energy.
You briefly lose access to your magic!
Sigmund appears from thin air!
Reactivating autopickup.
The worker ant closely misses you.
You riposte.
You slash the worker ant!
The worker ant is heavily wounded.
The worker ant barely misses you.
Sigmund hits you from afar with a scythe!
You die...

....#...>#
.........#
.........#
.<.......###
.........g.#
.....#####.##
.....# #..#
...#..#
##.######
..###.#
#...@a@# ### .#
##..)).# #
##....# ..[...
#.?..# ......
######
......########
##.....#.....#
#.............#
............(..


You could see Sigmund and a worker ant.

Vanquished Creatures
  A sky beast (D:7)
  2 phantoms (D:7)
  2 ogres
  Blork the orc (D:3)
  A gnoll sergeant (D:4)
  A scorpion (D:4)
  5 wights (D:7)
  4 hounds (D:4)
  A bullfrog skeleton (D:4)
  An orc wizard (D:3)
  A jelly (D:7)
  A centaur skeleton (D:4)
  An iguana (D:1)
  3 worker ants
  5 gnolls
  3 adders
  An ooze (D:2)
  2 worms
  2 dart slugs
  3 leopard geckos
  12 orcs
  2 giant cockroaches (D:1)
  5 goblins
  6 hobgoblins
  6 jackals
  4 ball pythons
  9 bats
  4 frilled lizards
  4 kobolds
  A leopard gecko skeleton (D:4)
  7 rats
101 creatures vanquished.

Notes
Turn   | Place    | Note
-------+----------+-------------------------------------------
     0 | D:1      | Amnesiac the Mummy Necromancer began the quest for the Orb.
     0 | D:1      | Reached XP level 1. HP: 13/13 MP: 4/4
   283 | D:1      | Reached XP level 2. HP: 18/20 MP: 2/5
  1317 | D:1      | Reached skill level 1 in Fighting
  1317 | D:1      | Reached XP level 3. HP: 9/26 MP: 0/7
  1322 | D:1      | Learned a level 3 spell: Vampiric Draining
  1717 | D:2      | Reached XP level 4. HP: 28/32 MP: 1/9
  1995 | D:2      | Learned a level 4 spell: Animate Dead
  2621 | D:3      | Noticed Blork the orc
  2891 | D:3      | Killed Blork the orc
  2891 | D:3      | Reached skill level 5 in Necromancy
  2891 | D:3      | Reached XP level 5. HP: 31/38 MP: 0/10
  2899 | D:3      | Found a deep blue altar of Sif Muna.
  2907 | D:3      | Became a worshipper of Sif Muna the Loreminder
  3191 | D:3      | Found a faded altar of an unknown god.
  3559 | D:4      | Reached XP level 6. HP: 33/44 MP: 5/12
  3713 | D:4      | Reached skill level 6 in Necromancy
  3767 | D:4      | Reached * piety under Sif Muna
  3851 | D:4      | Reached skill level 5 in Spellcasting
  3903 | D:4      | Reached XP level 7. HP: 40/49 MP: 10/14
  4171 | D:5      | Entered Level 5 of the Dungeon
  4184 | D:4      | Reached skill level 7 in Necromancy
  4408 | D:7      | Reached XP level 8. HP: 12/56 MP: 10/17
  4415 | D:7      | HP: 2/56 [phantom (8)]
  4429 | D:7      | Reached ** piety under Sif Muna
  4429 | D:7      | Reached skill level 8 in Necromancy
  4724 | D:5      | Noticed Sigmund
  4749 | D:5      | Slain by Sigmund

Vault maps used:
D:1:      giann_horns
D:3:      chequers_ecumenical_altar_island, minmay_fountain_box, tgw_sif
D:4:      first_ration
D:5:      gammafunk_cloud_chamber, gammafunk_temple_overflow_pools,
          uniq_menkaure, uniq_sigmund
D:6:      minmay_temple_entry_fiery, trog_book
D:7:      grunt_ogre_cave, hex_tiny

Skill      XL: |  1  2  3  4  5  6  7  8 |
---------------+-------------------------+-----
Spellcasting   | 3 4 5 6 7 |  7.0
Dodging        | 2 3 |  3.0
Fighting       | 1 |  1.9
Necromancy     | 5 6 7 8 |  8.7
Stealth        | |  1.5

Action                   |  1- 3 |  4- 6 |  7- 9 || total
-------------------------+-------+-------+-------++-------
Melee: Whip              |    27 |    32 |       ||    59
       Dagger            |       |    75 |    35 ||   110
       Scimitar          |       |       |     1 ||     1
 Cast: Pain              |    52 |   114 |    22 ||   188
       Vampiric Draining |       |     4 |    17 ||    21
Invok: Divine Energy     |       |     1 |       ||     1
Evoke: Wand              |       |       |    24 ||    24
  Use: Scroll            |     4 |       |     3 ||     7
 Stab: Sleeping          |       |     1 |       ||     1
Armor: Robe              |    11 |    11 |     8 ||    30
Dodge: Dodged            |    44 |    96 |    57 ||   197
       Rpst.: Scimitar   |       |       |     9 ||     9

Table legend:
 A = Spawn XP
 B = Non-spawn XP
 C = Spawn XP percentage of total XP
 D = Spawn monster count
 E = Non-spawn monster count
 F = Spawn count percentage of total count
 G = Total turns spent on level
                    A         B        C        D         E        F      G
               +---------+---------+-------+---------+---------+-------+---------
         Total |       0 |    1887 |   0.0 |       0 |     101 |   0.0 |  4749
               +---------+---------+-------+---------+---------+-------+---------
           D:1 |       0 |      67 |   0.0 |       0 |      19 |   0.0 |  1484
           D:2 |       0 |      94 |   0.0 |       0 |      26 |   0.0 |  1111
           D:3 |       0 |     206 |   0.0 |       0 |      24 |   0.0 |   953
           D:4 |       0 |     608 |   0.0 |       0 |      16 |   0.0 |   667
           D:5 |       0 |      78 |   0.0 |       0 |       5 |   0.0 |    43
           D:6 |       0 |       3 |   0.0 |       0 |       1 |   0.0 |    35
           D:7 |       0 |     831 |   0.0 |       0 |      10 |   0.0 |   456
               +---------+---------+-------+---------+---------+-------+---------
